 Dungeon Crawl Stone Soup version 0.25-a0-479-g8579842fd4 (webtiles) character file.

Game seed: 4775132275424867974, levelgen mode: deterministic

266 Notrik the Skirmisher (level 6, -9/56 HPs)
             Began as a Hill Orc Fighter on Feb 9, 2020.
             Was an Initiate of Trog.
             Mangled by an ogre
             ... wielding a +0 giant club
              (11 damage)
             ... on level 4 of the Dungeon.
             The game lasted 00:04:13 (2698 turns).

Notrik the Skirmisher (Hill Orc Fighter)            Turns: 2698, Time: 00:04:13

Health: -9/56      AC:  8    Str: 21    XL:     6   Next: 20%
Magic:  6/6        EV:  7    Int:  8    God:    Trog [......]
Gold:   161        SH:  9    Dex: 10    Spells: 5/5 levels left

rFire    . . .     SeeInvis .   a - +0 war axe
rCold    . . .     Gourm    .   c - +0 shield
rNeg     . . .     Faith    .   b - +0 scale mail
rPois    .         Spirit   .   (no helmet)
rElec    .         Reflect  .   (no cloak)
rCorr    .         Harm     .   m - +0 pair of gloves (curse)
MR       .....                  (no boots)
Stlth    ..........             (no amulet)
HPRegen  0.18/turn              (no ring)
MPRegen  0.10/turn              (no ring)

@: no status effects
A: no striking features
a: Renounce Religion


You were on level 4 of the Dungeon.
You worshipped Trog.
Trog was noncommittal.
You were not hungry.

You visited 1 branch of the dungeon, and saw 4 of its levels.

You collected 161 gold pieces.

Inventory:

Hand Weapons
 a - a +0 war axe (weapon)
Armour
 b - a +0 scale mail (worn)
 c - a +0 shield (worn)
 f - a +0 cloak
   (You took it off Crazy Yiuf on level 3 of the Dungeon)
 m - a cursed +0 pair of gloves (worn)
   (You found it on level 2 of the Dungeon)
 q - a +0 helmet
   (You found it on level 3 of the Dungeon)
Jewellery
 s - an uncursed ring of see invisible {unknown}
   (You found it on level 3 of the Dungeon)
 u - an uncursed ring of protection from cold {unknown}
   (You found it on level 4 of the Dungeon)
Scrolls
 g - a scroll of immolation {unknown}
 k - a scroll of noise {unknown}
 l - 5 scrolls of identify {unknown}
 n - 2 scrolls of blinking {unknown}
 o - 2 scrolls of remove curse {unknown}
 p - 2 scrolls of teleportation {unknown}
Potions
 d - a potion of might
 h - a potion of mutation {unknown}
 i - 3 potions of brilliance {unknown}
 j - a potion of heal wounds {unknown}
 r - a potion of invisibility {unknown}
 t - a potion of magic {unknown}
Comestibles
 e - 12 rations {!d}
 v - 2 chunks of flesh


   Skills:
 + Level 5.1 Fighting
 + Level 4.7 Axes
 + Level 4.6 Armour
 + Level 4.6 Shields


You had 5 spell levels left.
You didn't know any spells.
Your spell library was empty.

Dungeon Overview and Level Annotations

Branches:
Dungeon (4/15)
 Temple: D:4-7

Altars:
Fedhas
Kikubaaqudgha
Makhleb
Trog
Xom
Yredelemnul


Message History

The bullfrog croaks.
A bullfrog is nearby!
A bullfrog is nearby!
A bullfrog is nearby!
An ogre comes into view. It is wielding a +0 giant club.
Found 25 stones.
An orc comes into view. It is wielding a +0 dagger.
The ogre shouts!
You block the bullfrog's attack.
You slash the bullfrog! You block the bullfrog's attack. The bullfrog hits you.
Your shield prevents you from hitting the bullfrog.
You block the bullfrog's attack. The bullfrog closely misses you.
Your shield and scale mail prevent you from hitting the bullfrog.
The bullfrog completely misses you. You block the bullfrog's attack.
You closely miss the bullfrog. The bullfrog barely misses you. x2
You closely miss the bullfrog. You completely miss the orc.
The bullfrog hits you. The orc hits you but does no damage.
The bullfrog hits you but does no damage.
The orc hits you with a +0 dagger.
You closely miss the bullfrog. You slash the orc!
You kill the orc!
Trog accepts your kill. You block the bullfrog's attack. x2
You closely miss the bullfrog. You block the bullfrog's attack.
The bullfrog hits you.
You hit the bullfrog.
The bullfrog hits you but does no damage.
You closely miss the bullfrog. The bullfrog hits you.
You block the bullfrog's attack.
You slash the bullfrog!
You kill the bullfrog!
Trog accepts your kill.
Your Fighting skill increases to level 5!
You have reached level 6!
Your experience leads to an increase in your attributes!
Increase (S)trength, (I)ntelligence, or (D)exterity?
You feel stronger. You block the ogre's attack.
The ogre hits you with a +0 giant club!
* * * LOW HITPOINT WARNING * * *
Okay, then.
You hit the ogre. The ogre completely misses you.
You hit the ogre but do no damage. The ogre barely misses you.
You barely miss the ogre.
The ogre hits you with a +0 giant club!!
* * * LOW HITPOINT WARNING * * *
Your shield and scale mail prevent you from hitting the ogre.
You block the ogre's attack.
You slash the ogre! The ogre hits you with a +0 giant club!
You die...

....(..
.....
.......
....
.......
...
#...... ..
.......#.
......)†#
........#
#......O##
.......@.#
###...##.#
###. #.#
#. #.## #
#..# ##)#
###.####
#.#......#
#.#......#


You could see an ogre.

Vanquished Creatures
  A bullfrog (D:4)
  A hound (D:3)
  Crazy Yiuf (D:3)
  6 adders
  2 worms (D:2)
  5 dart slugs
  2 leopard geckos (D:2)
  3 orcs
  8 giant cockroaches
  6 goblins
  5 hobgoblins
  3 jackals (D:1)
  A quokka (D:2)
  13 bats
  3 frilled lizards (D:2)
  10 kobolds
  A leopard gecko zombie (D:2)
  5 rats
76 creatures vanquished.

Notes
Turn   | Place    | Note
-------+----------+-------------------------------------------
     0 | D:1      | Notrik the Hill Orc Fighter began the quest for the Orb.
     0 | D:1      | Reached XP level 1. HP: 19/19 MP: 1/1
   404 | D:1      | Reached XP level 2. HP: 26/27 MP: 2/2
   695 | D:1      | Reached skill level 4 in Fighting
   698 | D:1      | Reached XP level 3. HP: 33/33 MP: 3/3
  1214 | D:2      | Reached XP level 4. HP: 37/40 MP: 4/4
  1456 | D:2      | Found a basalt altar of Yredelemnul.
  1719 | D:3      | Found a blossoming altar of Fedhas.
  1728 | D:3      | Found a shimmering altar of Xom.
  1786 | D:3      | Reached XP level 5. HP: 39/47 MP: 5/5
  1807 | D:3      | Found a burning altar of Makhleb.
  1807 | D:3      | Found a bloodstained altar of Trog.
  1807 | D:3      | Found an ancient bone altar of Kikubaaqudgha.
  1917 | D:3      | Became a worshipper of Trog the Wrathful
  2349 | D:3      | Found a runed translucent door.
  2350 | D:3      | Noticed Crazy Yiuf
  2452 | D:3      | Killed Crazy Yiuf
  2678 | D:4      | Noticed an ogre
  2689 | D:4      | Reached skill level 5 in Fighting
  2689 | D:4      | Reached XP level 6. HP: 36/56 MP: 6/6
  2696 | D:4      | HP: 1/56 [ogre/+0 giant club (20)]
  2698 | D:4      | Mangled by an ogre

Levels and vault maps discovered:
D:1:      nzn_arrival_depleted_hourglass, layout_loops_corners, st_stairs_1
D:2:      layout_basic, nicolae_overflow_crystal_walls
D:3:      minmay_angry_zag, layout_loops_ring, fedhas_ov_isle_minmay,
          xom_butterflies, gammafunk_temple_overflow_forgotten, first_ration,
          uniq_crazy_yiuf_cottage
D:4:      layout_rooms, lemuel_round_altar, nrook_loot_triangle,
          minmay_rat_hole, uniq_grinder, uniq_ijyb

Skill      XL: |  1  2  3  4  5 |
---------------+----------------+-----
Axes           | 3 4 |  4.7
Fighting       | 4 5 |  5.1
Armour         | 4 |  4.6
Shields        | 4 |  4.6

Action                   |  1- 3 |  4- 6 || total
-------------------------+-------+-------++-------
Melee: War axe           |   104 |   159 ||   263
  Eat: Chunk             |     1 |     4 ||     5
       Ration            |       |     1 ||     1
Armor: Scale mail        |    63 |    96 ||   159
Dodge: Dodged            |    39 |    47 ||    86
Block: Shield            |    67 |    87 ||   154

Table legend:
 A = Non-vault XP
 B = Vault XP
 C = Vault XP percentage of total XP
 D = Non-vault monster count
 E = Vault monster count
 F = Vault count percentage of total count
                 A         B        C        D         E       F
            +---------+---------+-------+---------+---------+-------
      Total |     302 |      78 |  20.5 |      67 |       9 |  11.8
            +---------+---------+-------+---------+---------+-------
        D:1 |      39 |       3 |   7.1 |      18 |       2 |  10.0
        D:2 |      71 |       0 |   0.0 |      25 |       0 |   0.0
        D:3 |     103 |      75 |  42.1 |      21 |       7 |  25.0
        D:4 |      89 |       0 |   0.0 |       3 |       0 |   0.0
            +---------+---------+-------+---------+---------+-------
